Map: Old Sun Temple LE

Players

MasterMind

  • Race: Zerg Zerg
  • League: Diamond

A.I. 2 (Elite)

  • Race: Zerg Zerg

VOD

Have the link to the VOD?

Description

Time

  • Played on: Oct. 9, 2026, 6:30 p.m.
  • Length: 8:21
Show
View Real Time Build Order
Export as new Build Order

MasterMind Zerg 

Build Orders: Hatch First 

Get SALT Encoding   

  1  0:00  Lair, Overlord, Drone  
  12  0:01  Drone x12  
  12  0:18  Drone  
  13  0:26  Overlord  
  13  0:31  Drone  
  14  0:44  Drone x2  
  16  1:03  Hatchery  
  15  1:05  Drone  
  15  1:10  Drone  
  17  1:12  Drone  
  18  1:23  Extractor  
  17  1:28  Spawning Pool  
  17  1:31  Drone  
  17  1:34  Drone  
  18  1:47  Drone  
  19  2:04  Drone  
  19  2:06  Drone  
  21  2:16  Overlord  
  21  2:17  Zergling x2  
  21  2:18  Queen x2  
  26  2:23  Metabolic Boost  
  26  2:29  Drone  
  27  2:30  Drone  
  28  2:38  Drone x2  
  30  2:54  Hatchery  
  29  3:02  Baneling Nest, Drone  
  29  3:03  Drone  
  29  3:05  Drone  
  31  3:07  Drone  
  31  3:11  Drone  
  33  3:14  Overlord  
  33  3:28  Queen  
  33  3:31  Drone  
  36  3:34  Zergling x6  
  36  3:35  Zergling x2  
  36  3:37  Drone  
  36  3:39  Overlord  
  41  3:47  Evolution Chamber  
  40  3:49  Baneling  
  40  3:50  Baneling  
  40  3:53  Drone  
  41  4:01  Drone x3  
  41  4:02  Drone x2, Overlord  
  46  4:08  Drone x2  
  48  4:13  Drone  
  48  4:14  Roach Warren  
  48  4:19  Lair  
  48  4:21  Drone  
  49  4:29  Extractor  
  49  4:30  Extractor  
  47  4:32  Drone x3  
  47  4:35  Drone x4  
  54  4:48  Drone x4  
  58  4:53  Drone  
  58  4:54  Drone x2  
  58  4:55  Overlord  
  58  4:57  Overlord  
  61  5:06  Drone x3  
  64  5:07  Metabolic Boost  
  64  5:10  Pneumatized Carapace  
  64  5:16  Extractor, Drone  
  64  5:17  Drone x3  
  67  5:31  Roach x4  
  67  5:34  Hatchery  
  74  5:40  Roach x3  
  74  5:41  Roach  
  82  5:43  Pneumatized Carapace  
  82  5:49  Overlord x3  
  82  5:56  Overseer  
  82  6:06  Overlord x3  
  82  6:08  Overlord  
  96  6:14  Drone x12  
  100  6:26  Unknown x3  
Show
View Real Time Build Order
Export as new Build Order

A.I. 2 (Elite) Zerg 

Build Orders: Hatch First 

Get SALT Encoding   

  1  0:00  Lair, Overlord, Drone  
  12  0:01  Drone x12  
  12  0:15  Drone  
  13  0:22  Drone  
  14  0:48  Hatchery  
  13  0:53  Overlord  
  13  0:57  Drone  
  14  1:12  Drone x2  
  14  1:15  Drone  
  17  1:28  Spawning Pool  
  17  1:29  Extractor  
  17  1:31  Drone  
  16  1:37  Drone  
  16  1:39  Extractor  
  16  1:47  Drone  
  17  1:58  Drone  
  17  2:00  Drone  
  19  2:08  Overlord  
  19  2:18  Queen  
  21  2:24  Zergling x2  
  21  2:28  Drone  
  23  2:45  Queen  
  23  2:49  Drone  
  26  2:54  Drone  
  26  2:58  Drone  
  28  3:01  Drone  
  29  3:15  Roach Warren  
  29  3:17  Drone  
  29  3:21  Drone  
  29  3:23  Zergling x2  
  31  3:28  Zergling x2  
  32  3:34  Overlord  
  32  3:38  Drone  
  34  3:41  Drone  
  34  3:56  Roach x2  
  34  3:57  Roach  
  34  4:00  Roach  
  42  4:09  Lair  
  42  4:15  Overlord  
  42  4:21  Overlord  
  42  4:24  Zergling x2  
  43  4:27  Zergling x2  
  44  4:33  Zergling x2, Drone  
  44  4:35  Drone  
  44  4:38  Drone  
  48  4:41  Drone  
  48  4:44  Drone  
  50  4:49  Overlord  
  50  4:54  Roach  
  50  4:58  Roach  
  54  5:02  Roach  
  56  5:09  Hydralisk Den  
  55  5:27  Roach  
  57  5:29  Infestation Pit  
  57  5:31  Roach  
  58  5:36  Overlord  
  58  5:39  Hydralisk  
  58  5:41  Hydralisk  
  62  5:46  Hydralisk  
  64  6:01  Evolution Chamber  
  63  6:08  Overlord  
  67  6:14  Drone x12  
  67  6:26  Unknown  
  67  6:27  Drone  
  13  6:42  Evolution Chamber  
  12  7:07  Hatchery  
  11  7:33  Drone  
  12  7:39  Overlord  
  12  7:51  Spawning Pool  
  11  8:03  Drone  
Tags
 
Add a new tag
Caveats
  • Supply blocks, unpowered buildings, or Contaminate may cause inaccurate times.
  • Supply counts are checked every 10 seconds.